 Dungeon Crawl Stone Soup version 0.21.1-1-g345015f (webtiles) character file.

98 inc the Chopper (level 4, -1/35 HPs)
             Began as a Demonspawn Monk on June 14, 2018.
             Succumbed to a hobgoblin's poison
             ... on level 3 of the Dungeon.
             The game lasted 00:02:36 (2535 turns).

inc the Chopper (Demonspawn Monk)                   Turns: 2535, Time: 00:02:37

Health: -1/35      AC: 11    Str: 17    XL:     4   Next: 44%
Magic:  4/4        EV:  8    Int: 12    God:
Gold:   90         SH:  0    Dex: 15    Spells: 3/3 levels left

rFire    . . .     SeeInvis .   n - +0 hand axe (chop)
rCold    . . .     Gourm    .   (no shield)
rNeg     . . .     Faith    .   o - +0 chain mail
rPois    .         Spirit   .   (helmet restricted)
rElec    .         Reflect  .   (no cloak)
rCorr    .         Harm     .   (no gloves)
MR       .....                  m - +0 pair of boots
Stlth    ..........             (no amulet)
HPRegen  0.11/turn              (no ring)
MPRegen  0.09/turn              (no ring)

@: mighty, lethally poisoned (-1 -> -18)
A: antennae 1, iridescent scales 1
a: no special abilities


You were on level 3 of the Dungeon.
You were not hungry.

You visited 1 branch of the dungeon, and saw 3 of its levels.

You collected 90 gold pieces.

Inventory:

Hand Weapons
 a - a +0 hand axe
 n - a +0 hand axe of chopping (weapon)
Armour
 b - a +0 robe
 j - a +0 ring mail
 m - a +0 pair of boots (worn)
 o - a +0 chain mail (worn)
Jewellery
 g - an uncursed ring of positive energy {unknown}
Scrolls
 e - 4 scrolls of fear {unknown}
 l - 3 scrolls of enchant armour {unknown}
 q - a scroll of magic mapping {unknown}
Potions
 d - a potion of degeneration {unknown}
 f - a potion of flight {unknown}
 h - a potion of haste {unknown}
 p - a potion of lignification {unknown}
 r - a potion of agility {unknown}
 s - a potion of mutation {unknown}
Comestibles
 c - 8 rations


   Skills:
 - Level 3.0 Fighting
 + Level 4.8 Axes
 - Level 2.6 Dodging
 - Level 1.7 Stealth


You had 3 spell levels left.
You didn't know any spells.

Dungeon Overview and Level Annotations

Branches:
Dungeon (3/15)

Altars:
Hepliaklqana

Annotations:
D:2 1 runed door


Innate Abilities, Weirdness & Mutations

You have a pair of small antennae on your head.
You are partially covered in iridescent scales. (AC +2)


Message History

The rat bites you but does no damage.
You hit the orc priest but do no damage.
The orc priest is severely wounded.
You hit the rat.
You kill the rat!
* * * LOW HITPOINT WARNING * * *
You feel sick.
The hobgoblin hits you from afar with a spear of venom.
* * * LOW HITPOINT WARNING * * *
The orc priest mumbles some strange prayers to Beogh against you.
Pain shoots through your body!
* * * LOW HITPOINT WARNING * * *
Unknown command.
It was a potion of cancellation.
You feel magically purged.
* * * LOW HITPOINT WARNING * * *
You feel sick. The hobgoblin barely misses you.
The kobold hits you but does no damage.
It was a potion of might.
You feel very mighty all of a sudden.
You die...

## .. #... ##. #.... #..
+.... #oo## .... {o!#
#..# .##+###g#####..#
......o@....#..#########
......K#.##.#...........
......g#.##.##.#########
.......#.##....†........
#......#..####.#########
#......##...........###.
....... #..###..#<....#.
....... #.. #..#.#.#.†.
... ...#.....#.


You could see an orc priest, 3 orcs, 2 hobgoblins and a kobold.

Vanquished Creatures
  Terence (D:2)
  3 adders
  A worm (D:2)
  A dart slug (D:2)
  A leopard gecko (D:1)
  4 giant cockroaches
  7 goblins
  4 hobgoblins
  5 kobolds
  2 ball pythons
  6 bats
  3 frilled lizards (D:2)
  5 rats
43 creatures vanquished.

Notes
Turn   | Place    | Note
-------+----------+-------------------------------------------
     0 | D:1      | inc the Demonspawn Monk began the quest for the Orb.
     0 | D:1      | Reached XP level 1. HP: 18/18 MP: 1/1
   232 | D:1      | Reached skill level 3 in Axes
   353 | D:1      | You fall through a shaft!
   366 | D:2      | Gained mutation: You are partially covered in iridescent scales. (AC +2) [demonic ancestry]
   366 | D:2      | Reached XP level 2. HP: 18/24 MP: 2/2
   730 | D:2      | Noticed Terence
   947 | D:2      | Found a runed door.
  1031 | D:2      | Reached XP level 3. HP: 22/29 MP: 3/3
  1102 | D:2      | Found a hazy altar of Hepliaklqana.
  1115 | D:2      | Reached skill level 4 in Axes
  1320 | D:2      | Killed Terence
  1320 | D:2      | Gained mutation: You have a pair of small antennae on your head. [demonic ancestry]
  1320 | D:2      | Reached XP level 4. HP: 20/35 MP: 4/4
  2534 | D:3      | HP: 1/35 [poisoned by a hobgoblin]
  2535 | D:3      | Succumbed to a hobgoblin's poison

Skill      XL: |  1  2  3 |
---------------+----------+-----
Axes           | 3 4 |  4.8
Fighting       | |  3.0
Dodging        | |  2.6
Stealth        | |  1.7

Action                   |  1- 3 |  4- 6 || total
-------------------------+-------+-------++-------
Melee: Hand axe          |   139 |    44 ||   183
  Use: Potion            |       |     2 ||     2
 Stab: Sleeping          |     4 |       ||     4
  Eat: Chunk             |     1 |     4 ||     5
Armor: Robe              |    13 |       ||    13
       Ring mail         |    15 |       ||    15
       Chain mail        |       |    29 ||    29
Dodge: Dodged            |    84 |    19 ||   103
